 Dungeon Crawl Stone Soup version 0.25-a0-85-g7617fd2bc2 (webtiles) character file.

Game seed: 5559894292643678365, levelgen mode: deterministic

12798 Minah the Spear-Bearer (level 11, 0/86 HPs)
             Began as a Black Draconian Fire Elementalist on Nov 8, 2019.
             Was a High Priest of Cheibriados.
             Slain by a skeletal warrior
             ... wielding a +0 flail
             ... led by a death knight
              (21 damage)
             ... on level 11 of the Dungeon.
             The game lasted 00:45:09 (12177 turns).

Minah the Spear-Bearer (DrFE)                      Turns: 12177, Time: 00:45:10

Health: 0/86       AC:  9    Str: 20    XL:     11   Next: 67%
Magic:  13/21      EV: 14    Int: 33    God:    Cheibriados [*****.]
Gold:   525        SH:  0    Dex: 24    Spells: 11/24 levels left

rFire    + + .     SeeInvis .   a - +9 spear of the Ninety-Nine Tables {freeze, +Inv rF+ Str-5 Int+5}
rCold    x . .     Gourm    .   (no shield)
rNeg     . . .     Faith    .   (armour unavailable)
rPois    +         Spirit   .   (helmet restricted)
rElec    +         Reflect  .   J - scarf {cloud immunity}
rCorr    .         Harm     .   A - +0 pair of gloves
MR       .....                  y - +0 pair of boots
Stlth    ++........             k - amulet of the acrobat
HPRegen  0.24/turn              F - ring of fire
MPRegen  0.17/turn              Q - ring of poison resistance

@: very slow
A: breathe lightning, unfitting armour, electricity resistance, cold-blooded, AC
+7
a: Breathe Lightning, Bend Time, Temporal Distortion, Slouch, Step From Time,
Renounce Religion, Evoke Invisibility


You were on level 11 of the Dungeon.
You worshipped Cheibriados.
Cheibriados was extremely pleased with you.
You were hungry.

You visited 2 branches of the dungeon, and saw 12 of its levels.

You collected 649 gold pieces.
You spent 124 gold pieces at shops.

Inventory:

Hand Weapons
 a - the +9 spear of the Ninety-Nine Tables (weapon) {freeze, +Inv rF+ Str-5 Int+5}
   (You found it on level 5 of the Dungeon)

   It has been specially enchanted to freeze those struck by it, causing extra
   injury to most foes and up to half again as much damage against particularly
   susceptible opponents.
   It can also slow down cold-blooded creatures.
   It affects your strength (-5).
   It affects your intelligence (+5).
   It protects you from fire.
   It lets you turn invisible.
 b - a +1 rapier of venom
 f - a +0 dagger
 L - a +1 whip of electrocution
Missiles
 e - 300 stones
 h - 15 boomerangs
 j - 28 poisoned darts (quivered)
 n - 11 javelins
 o - 8 boomerangs of dispersal
 q - 5 curare-tipped darts
 S - a throwing net
Armour
 y - a +0 pair of boots (worn)
 A - a +0 pair of gloves (worn)
 J - a scarf of cloud immunity (worn)
Magical Staves
 T - an uncursed staff of cold
Jewellery
 k - an amulet of the acrobat (around neck)
 s - an uncursed amulet of faith
 F - a ring of fire (left hand)
 G - a +4 ring of evasion
 M - an uncursed amulet of magic regeneration
 N - an uncursed ring of resist corrosion
 Q - a ring of poison resistance (right hand)
 R - an uncursed ring of fire
 X - an uncursed amulet of regeneration
Wands
 p - a wand of iceblast (14)
 D - a wand of enslavement (12)
 I - a wand of acid (6)
 P - a wand of disintegration (26)
 V - a wand of flame (18)
Scrolls
 c - 3 scrolls of immolation
 i - 2 scrolls of enchant weapon {unknown}
 l - 2 scrolls of fog {unknown}
 m - 5 scrolls of remove curse
 u - 4 scrolls of teleportation {unknown}
 v - a scroll of magic mapping {unknown}
 x - a scroll of random uselessness {unknown}
 E - a scroll of amnesia {unknown}
 H - a scroll of noise {unknown}
 U - a scroll of enchant armour {unknown}
 Y - a scroll of identify
Potions
 d - a potion of magic
 g - 4 potions of flight
 r - 2 potions of heal wounds
 t - a potion of invisibility {unknown}
 w - a potion of curing
 z - a potion of agility {unknown}
 C - a potion of lignification {unknown}
 K - a potion of mutation {unknown}
 O - a potion of brilliance {unknown}
Comestibles
 B - 22 rations


   Skills:
 + Level 5.0 Fighting
 - Level 2.7 Maces & Flails
 * Level 10.2 Polearms
 - Level 4.0 Throwing
 + Level 3.0 Dodging
 - Level 1.7 Stealth
 + Level 7.0 Spellcasting
 + Level 6.3 Conjurations
 + Level 7.2 Fire Magic
 * Level 5.6 Invocations
 - Level 5.0 Evocations


You had 11 spell levels left.
You knew the following spells:

 Your Spells              Type           Power        Failure   Level  Hunger
a - Flame Tongue          Conj/Fire      #####        1%          1    None
b - Conjure Flame         Conj/Fire      ######..     1%          3    None
c - Sticky Flame          Conj/Fire      ######..     2%          4    #......
d - Fireball              Conj/Fire      ######....   7%          5    ####...

Your spell library contained the following spells:

 Spells                   Type           Power        Failure   Level  Hunger
 Throw Flame              Conj/Fire      ######       1%          2    None
 Inner Flame              Hex/Fire       ######..     2%          3    None


Dungeon Overview and Level Annotations

Branches:
Dungeon (11/15)            Temple (1/1) D:7            Lair (0/6) D:8
    Orc: D:9-12

Altars:
Ashenzari
Cheibriados
Dithmenos
Elyvilon
Fedhas
Gozag
Hepliaklqana
Kikubaaqudgha
Makhleb
Nemelex Xobeh
Okawaru
Qazlal
Ru
Sif Muna
Trog
Uskayaw
Vehumet
Wu Jian
Xom
Yredelemnul
Zin
The Shining One

Shops:
D:4 [   D:7 *   D:11 ?

Annotations:
D:7 3 runed translucent doors, emiel's ghost, novice DsWn
D:8 3 runed translucent doors, Killmatronix's ghost, novice KoHu
D:9 3 runed translucent doors, Zeeb's ghost, novice DEFE
D:11 exclusion: ice statue


Innate Abilities, Weirdness & Mutations

You can breathe wild blasts of lightning.
Your glossy black scales are hard. (AC +7)
You cannot fit into any form of body armour.
You are resistant to electric shocks. (rElec)
You are cold-blooded and may be slowed by cold attacks.


Message History

You hit the phantasmal warrior.
The phantasmal warrior is lightly damaged.
You barely miss the skeletal warrior. You tail-slap the skeletal warrior.
The skeletal warrior is heavily damaged.
The skeletal warrior is no longer covered in acid.
The phantasmal warrior closely misses you.
You hit the skeletal warrior but do no damage.
You tail-slap the skeletal warrior, but do no damage.
The skeletal warrior is heavily damaged.
The skeletal warrior is engulfed in blazing flames.
As you read the scroll labeled SIAKKEP ASAAG, it crumbles to dust.
You feel blessed for a moment.
It was a scroll of remove curse.
The phantasmal warrior hits you.
The skeletal warrior hits you with a +0 flail!
As you read the scroll labeled RARAKKOVVA, it crumbles to dust.
The creatures around you are filled with an inner flame!
It was a scroll of immolation.
The phantasmal warrior hits you!!
* * * LOW HITPOINT WARNING * * *
The skeletal warrior hits you with a +0 flail!!
You die...

.. .. .. #. #. .#
#####. #. .#
....#.######.#.##
.#
#........#....##.#
#....W.#.#.....#.#
#..z@#>#.##......#
####z#.......#.#.#
#..)W###>##......#
#....# #.##.>#.#.#
#.##.###.##......#
...
......##.##.###
#... #.###.##.##.#
..#.#
#.##.....##.#
..... #.#
.#..###.##


You could see 2 skeletal warriors, a phantasmal warrior (inner flame) and a
wraith (inner flame).

Vanquished Creatures
  A death knight (D:11)
  A two-headed ogre (D:9)
  An unseen horror (D:9)
  A cyclops (D:11)
  6 ice devils (D:11)
  A hornet (D:9)
  Grinder (D:3)
  A hippogriff (D:7)
  13 yaks
  A human (D:9)
  3 hogs (D:9)
  A steam dragon (D:8)
  3 porcupines (D:8)
  A water moccasin (D:6)
  2 phantoms
  5 orc warriors
  3 ice beasts
  4 sky beasts
  6 ogres
  2 black bears (D:10)
  9 centaurs
  9 bullfrogs
  A wyvern skeleton (D:10)
  7 scorpions
  4 wights (D:8)
  6 howler monkeys (D:10)
  5 crimson imps
  2 bullfrog zombies
  7 hounds
  2 jellies
  6 orc priests
  A bullfrog skeleton (D:8)
  4 centaur skeletons
  3 iguanas
  8 orc wizards
  4 worker ants
  A hound zombie (D:5)
  A hound skeleton (D:9)
  A howler monkey zombie (D:7)
  A howler monkey skeleton (D:7)
  16 adders
  4 gnolls (D:8)
  4 shadow imps
  6 ufetubi (D:11)
  An ooze (D:2)
  2 worms (D:3)
  A dart slug (D:3)
  5 leopard geckos
  36 orcs
  4 ball pythons
  4 giant cockroaches
  5 goblins
  3 hobgoblins
  10 jackals
  3 quokkas
  11 bats
  6 frilled lizards
  9 kobolds
  16 rats
285 creatures vanquished.

Notes
Turn   | Place    | Note
-------+----------+-------------------------------------------
     0 | D:1      | Minah the Draconian Fire Elementalist began the quest for
                  | the Orb.
     0 | D:1      | Reached XP level 1. HP: 14/14 MP: 3/3
   305 | D:1      | Reached XP level 2. HP: 20/20 MP: 1/5
  1122 | D:2      | Reached XP level 3. HP: 26/26 MP: 6/6
  1175 | D:2      | Found a stormy altar of Qazlal.
  1333 | D:2      | Reached skill level 1 in Throwing
  1444 | D:2      | Reached XP level 4. HP: 30/33 MP: 4/7
  1497 | D:2      | Found an ancient bone altar of Kikubaaqudgha.
  1856 | D:3      | Noticed Grinder
  1865 | D:3      | Killed Grinder
  1865 | D:3      | Reached XP level 5. HP: 18/39 MP: 7/10
  1865 | D:3      | Reached XP level 6. HP: 22/46 MP: 7/11
  2038 | D:3      | Learned a level 3 spell: Conjure Flame
  2043 | D:3      | Learned a level 4 spell: Sticky Flame
  3517 | D:4      | Found Qazutrum's Armour Emporium.
  3547 | D:4      | Bought a +0 pair of boots for 45 gold pieces
  3547 | D:4      | Bought a +0 pair of gloves for 45 gold pieces
  3611 | D:4      | Reached skill level 1 in Maces & Flails
  3611 | D:4      | Your scales start taking on a glossy black colour.
  3611 | D:4      | Reached XP level 7. HP: 51/51 MP: 10/12
  3611 | D:4      | Gained mutation: You are resistant to electric shocks.
                  | (rElec) [Black Draconian growth]
  3746 | D:5      | Entered Level 5 of the Dungeon
  4188 | D:5      | Reached skill level 1 in Fighting
  4272 | D:5      | Reached skill level 5 in Fire Magic
  4366 | D:5      | Learned a level 5 spell: Fireball
  4584 | D:5      | Found an iron altar of Okawaru.
  4595 | D:5      | Got an ancient spear
  4596 | D:5      | Identified the +9 spear of the Ninety-Nine Tables {freeze,
                  | +Inv rF+ Str-5 Int+5} (You found it on level 5 of the
                  | Dungeon)
  4677 | D:5      | Reached XP level 8. HP: 59/59 MP: 14/14
  4779 | D:6      | Reached skill level 1 in Polearms
  4870 | D:6      | Found a white marble altar of Elyvilon.
  4961 | D:5      | Reached skill level 2 in Polearms
  4961 | D:5      | Reached skill level 5 in Spellcasting
  5566 | D:6      | Reached skill level 3 in Polearms
  5566 | D:6      | Reached skill level 1 in Evocations
  6000 | D:7      | Found a runed translucent gate.
  6000 | D:7      | Found a runed translucent gate.
  6000 | D:7      | Found a runed translucent gate.
  6039 | D:7      | Noticed emiel's ghost (novice DsWn)
  6094 | D:7      | Found Waecvat's General Store.
  6179 | D:7      | Reached XP level 9. HP: 68/68 MP: 17/17
  6283 | D:7      | Found a staircase to the Ecumenical Temple.
  6290 | Temple   | Entered the Ecumenical Temple
  6481 | Temple   | Became a worshipper of Cheibriados the Contemplative
  6819 | D:7      | Reached skill level 4 in Polearms
  6819 | D:7      | Reached skill level 1 in Invocations
  7323 | D:8      | Reached skill level 5 in Conjurations
  7359 | D:8      | Reached * piety under Cheibriados
  7461 | D:8      | Reached skill level 5 in Polearms
  7643 | D:8      | Reached skill level 6 in Polearms
  7946 | D:8      | Reached ** piety under Cheibriados
  8001 | D:8      | Reached XP level 10. HP: 76/77 MP: 18/18
  8144 | D:8      | Found a runed translucent gate.
  8144 | D:8      | Found a runed translucent gate.
  8144 | D:8      | Found a runed translucent gate.
  8145 | D:8      | Found an opulent altar of Gozag.
  8146 | D:8      | Noticed Killmatronix's ghost (novice KoHu)
  8201 | D:8      | Found a staircase to the Lair.
  8532 | D:9      | Reached skill level 7 in Polearms
  8955 | D:9      | Noticed an unseen horror
  8958 | D:9      | Killed an unseen horror
  8958 | D:9      | Reached skill level 8 in Polearms
  9101 | D:9      | Reached *** piety under Cheibriados
  9301 | D:9      | Found a runed translucent gate.
  9301 | D:9      | Found a runed translucent gate.
  9301 | D:9      | Found a runed translucent gate.
  9483 | D:9      | Noticed a two-headed ogre
  9500 | D:9      | Killed a two-headed ogre
  9500 | D:9      | Reached skill level 9 in Polearms
  9629 | D:9      | Reached XP level 11. HP: 82/85 MP: 14/20
  9982 | D:9      | Noticed Zeeb's ghost (novice DEFE)
  9992 | D:10     | Entered Level 10 of the Dungeon
 10003 | D:10     | Reached skill level 5 in Evocations
 10531 | D:10     | Reached **** piety under Cheibriados
 11394 | D:11     | Reached ***** piety under Cheibriados
 11480 | D:11     | Found Dutoicin's Magic Scroll Shoppe.
 11494 | D:11     | Bought a scroll of identify for 34 gold pieces
 11740 | D:11     | Reached skill level 5 in Invocations
 11749 | D:11     | Reached skill level 10 in Polearms
 11770 | D:11     | Reached skill level 5 in Fighting
 12149 | D:11     | Noticed a skeletal warrior
 12150 | D:11     | Noticed a phantasmal warrior
 12158 | D:11     | Noticed a death knight
 12158 | D:11     | Noticed a skeletal warrior
 12164 | D:11     | Killed a death knight
 12177 | D:11     | Slain by a skeletal warrior

Levels and vault maps discovered:
D:1:      minmay_arrival_diagonal_passages, layout_basic
D:2:      layout_basic, grunt_qazlal_sundering, old_standard_altar
D:3:      minmay_inner_zag, layout_basic, uniq_grinder
D:4:      layout_basic, serial_shops, shop_coins
D:5:      layout_rooms, okawaru_ov_weapons_minmay, first_ration
D:6:      layout_basic, nicolae_overflow_crystal_walls,
          kennysheep_generic_room_7
D:7:      lemuel_upstairs_altar, layout_basic, minmay_temple_entry_waves,
          serial_shops, shop, gammafunk_ghost_icy
D:8:      layout_cave_pools, grunt_lair_entry_orc_guard_hut, ebering_ghost_gozag
D:9:      layout_basic, gammafunk_ghost_icy, grunt_livestock
D:10:     layout_grid_maze
D:11:     cheibrodos_frozen_isle, layout_loops_ring, orc_0_dummy, serial_shops,
          shop_fountains
Temple:   dpeg_five_rooms_temple

Skill      XL: |  1  2  3  4  5  6  7  8  9 10 11 |
---------------+----------------------------------+-----
Throwing       | 1 2 3 4 |  4.0
Spellcasting   | 3 4 5 6 7 |  7.0
Conjurations   | 2 3 4 5 6 |  6.3
Fire Magic     | 4 5 6 7 |  7.2
Maces & Flails | 1 2 |  2.7
Fighting       | 1 2 3 4 5 |  5.0
Polearms       | 3 6 9 10 | 10.2
Evocations     | 1 3 4 5 |  5.0
Invocations    | 2 4 5 |  5.6
Dodging        | 2 3 |  3.0
Stealth        | |  1.7

Action                   |  1- 3 |  4- 6 |  7- 9 | 10-12 || total
-------------------------+-------+-------+-------+-------++-------
Melee: Unarmed           |     9 |       |       |       ||     9
       Dagger            |     9 |     2 |       |       ||    11
       Whip              |       |    64 |    31 |       ||    95
       Tailslap          |       |     6 |    21 |    27 ||    54
       Spear             |       |       |   148 |   240 ||   388
Throw: Boomerang         |    36 |    20 |    35 |     4 ||    95
       Javelin           |     3 |     2 |       |       ||     5
       Dart              |       |    19 |    65 |    81 ||   165
 Cast: Flame Tongue      |    56 |    58 |    85 |    71 ||   270
       Sticky Flame      |       |       |     7 |     3 ||    10
       Conjure Flame     |       |       |     3 |    14 ||    17
       Fireball          |       |       |       |     7 ||     7
 Abil: Breathe Lightning |       |       |     3 |     1 ||     4
Evoke: Wand              |       |     6 |     4 |     3 ||    13
  Use: Scroll            |       |     2 |     3 |     4 ||     9
 Stab: Sleeping          |       |     3 |     1 |     3 ||     7
       Distracted        |       |     1 |       |       ||     1
  Eat: Chunk             |     2 |     7 |    12 |     7 ||    28
       Ration            |       |       |     1 |       ||     1
Armor: Skin              |    14 |    35 |    44 |    52 ||   145
Dodge: Dodged            |    34 |    97 |   153 |   133 ||   417

Table legend:
 A = Non-vault XP
 B = Vault XP
 C = Vault XP percentage of total XP
 D = Non-vault monster count
 E = Vault monster count
 F = Vault count percentage of total count
                 A         B        C        D         E       F
            +---------+---------+-------+---------+---------+-------
      Total |   14030 |    4254 |  23.3 |     255 |      30 |  10.5
            +---------+---------+-------+---------+---------+-------
        D:1 |      24 |       0 |   0.0 |      19 |       0 |   0.0
        D:2 |     145 |       0 |   0.0 |      36 |       0 |   0.0
        D:3 |     189 |     293 |  60.8 |      30 |       7 |  18.9
        D:4 |     134 |       0 |   0.0 |       7 |       0 |   0.0
        D:5 |     944 |       0 |   0.0 |      25 |       0 |   0.0
        D:6 |     878 |       0 |   0.0 |      19 |       0 |   0.0
        D:7 |     987 |       0 |   0.0 |      17 |       0 |   0.0
        D:8 |    1394 |     869 |  38.4 |      29 |       6 |  17.1
        D:9 |    4887 |     993 |  16.9 |      29 |       5 |  14.7
       D:10 |    1784 |       0 |   0.0 |      27 |       0 |   0.0
       D:11 |    2664 |    2099 |  44.1 |      17 |      12 |  41.4
            +---------+---------+-------+---------+---------+-------
